 Dungeon Crawl Stone Soup version 0.20.0-15-g7f486f2 (webtiles) character file.

2832 VajrapaniSR the Cleaver (level 9, -1/86 HPs)
             Began as a Deep Dwarf Fighter on July 1, 2017.
             Slain by a sky beast (4 damage)
             ... on level 9 of the Dungeon.
             The game lasted 00:17:55 (2013 turns).

VajrapaniSR the Cleaver (Deep Dwarf Fighter)        Turns: 2013, Time: 00:17:55

Health: -1/86      AC:  9    Str: 21    XL:     9   Next: 45%
Magic:  4/4        EV:  5    Int:  9    God:
Gold:   75         SH: 10    Dex: 19    Spells: 8/8 levels left

rFire    . . .     SeeInvis .   a - +0 war axe (protect)
rCold    . . .     Gourm    .   c - +0 shield
rNeg     . . .     Faith    .   m - +0 chain mail
rPois    .         Spirit   .   (no helmet)
rElec    .         Reflect  .   g - scarf of Honour {Dex+5}
rCorr    .         Harm     .   (no gloves)
MR       ++...                  (no boots)
Stlth    ..........             (no amulet)
Regen    0.0/turn               o - ring of protection from magic
MPRegen  0.1/turn               (no ring)

@: non-regenerating
A: damage resistance, heal wounds, sense surroundings 2, no regeneration
a: Heal Wounds


You were on level 9 of the Dungeon.
You were not hungry.

You visited 2 branches of the dungeon, and saw 10 of its levels.

You collected 75 gold pieces.

Inventory:

Hand Weapons
 a - a +0 war axe of protection (weapon)
Missiles
 i - 6 steel javelins (quivered)
Armour
 c - a +0 shield (worn)
 g - the scarf of Honour (worn) {Dex+5}
   (You found it on level 4 of the Dungeon)

   It affects your dexterity (+5).
 m - a +0 chain mail (worn)
Jewellery
 o - a ring of protection from magic (left hand)
Wands
 l - a wand of polymorph (8/24)
Scrolls
 q - a scroll of vulnerability {unknown}
 r - a scroll of enchant weapon {unknown}
Potions
 d - a potion of brilliance
 e - a potion of might
 h - 2 potions of mutation
 j - 2 potions of lignification
 k - 4 potions of curing
 p - 2 potions of experience {unknown}
Comestibles
 b - a meat ration
 f - 3 bread rations
 n - 2 royal jellies


   Skills:
 + Level 7.2 Fighting
 * Level 11.3 Axes
 + Level 5.0 Armour
 - Level 3.2 Shields


You had 8 spell levels left.
You didn't know any spells.

Dungeon Overview and Level Annotations

Branches:
Dungeon (9/15)             Temple (1/1) D:6
   Lair: D:8-11         Orc: D:9-12

Altars:
Ashenzari
Cheibriados
Dithmenos
Elyvilon
Fedhas
Gozag
Hepliaklqana
Kikubaaqudgha
Nemelex Xobeh
Okawaru
Sif Muna
Trog
Uskayaw
Vehumet
Yredelemnul

Shops:
D:6 }


Innate Abilities, Weirdness & Mutations

You are resistant to damage.
You can heal yourself by infusing magical energy.
You passively map the area around you.
You do not regenerate.


Message History

The porcupine bites you.
* * * LOW HITPOINT WARNING * * *
The wyvern zombie barely misses you. The sky beast barely misses you.
You take 8 damage, and have 6/86 hp.
The bullfrog hits you.
* * * LOW HITPOINT WARNING * * *
You block the centaur's attack. Something hits you but does no damage.
You block the porcupine's attack. You block the black bear's attack.
The black bear barely misses you.
The black bear claws you but does no damage.
The wyvern zombie bites you but does no damage.
The bullfrog hits you but does no damage.
The centaur hits you but does no damage.
You block the sky beast's attack.
You take 2 damage, and have 4/86 hp.
The porcupine closely misses you. The bullfrog hits you.
* * * LOW HITPOINT WARNING * * *
The wyvern zombie bites you but does no damage.
Something hits you. Something shocks you.
You die...

,,, ,, ,
.........# ,
,........>#
.........# ,
,.........# ,,
,,, <........#
......>..#
,,......ZY.######
,......{@r......
, ###.##hcF......
, , *
.tFr..>....* **,
** #.h#........ ,
, ..P...#...... *
, ,..............
, ,P..PP
...P..... ,
.PP.PPPP....P.#
,,, , ,


You could see a crocodile, 2 black bears, a sky beast, 2 bullfrogs, a centaur, a
porcupine, a wyvern zombie and a quokka.

Vanquished Creatures
  A two-headed ogre (D:8)
  Pikel (D:7)
  A water moccasin (D:5)
  Duvessa (D:5)
  A phantom (D:4)
  A sky beast (D:5)
  An ogre (D:8)
  4 centaurs (D:6)
  3 big kobolds (D:6)
  A bullfrog (D:6)
  A wyvern zombie (D:6)
  Dowan (D:5)
  A scorpion (D:6)
  2 howler monkeys
  A crimson imp (D:7)
  An orc priest (D:3)
  3 hounds
  Ijyb (D:5)
  Natasha (D:3)
  3 worker ants
  2 hound skeletons
  5 adders
  A shadow imp (D:7)
  An ooze (D:4)
  A worm (D:4)
  A dart slug (D:4)
  3 leopard geckos
  7 orcs
  A ball python (D:4)
  2 giant cockroaches
  A goblin (D:1)
  A hobgoblin (D:1)
  2 jackals (D:7)
  7 kobolds
  2 quokkas
  A bat (D:1)
  4 frilled lizards
  A quokka skeleton (D:4)
  A rat (D:3)
74 creatures vanquished.

Vanquished Creatures (others)
  An ogre (D:7)
1 creature vanquished.

Grand Total: 75 creatures vanquished

Notes
Turn   | Place    | Note
-------+----------+-------------------------------------------
     0 | D:1      | VajrapaniSR the Deep Dwarf Fighter began the quest for the Orb.
     0 | D:1      | Reached XP level 1. HP: 20/20 MP: 1/1
    90 | D:3      | Noticed Natasha
    94 | D:3      | Killed Natasha
    94 | D:3      | Reached skill level 3 in Axes
    94 | D:3      | Reached XP level 2. HP: 26/28 MP: 2/2
    94 | D:3      | Reached XP level 3. HP: 32/34 MP: 3/3
    99 | D:4      | murphy: take the hatch
    99 | D:4      | VajrapaniSR: d:4 in 100 turns
    99 | D:4      | murphy: and try to fight as long might is still on
    99 | D:4      | VajrapaniSR: k
   101 | D:4      | Reached skill level 4 in Axes
   109 | D:4      | Reached XP level 4. HP: 39/42 MP: 4/4
   190 | D:4      | Got a faintly glowing scarf
   201 | D:4      | Identified the scarf of Honour {Dex+5} (You found it on level 4 of the Dungeon)
   347 | D:5      | Entered Level 5 of the Dungeon
   435 | D:5      | Noticed a phantom
   486 | D:4      | Killed a phantom
   486 | D:4      | Reached skill level 5 in Axes
   486 | D:4      | Reached XP level 5. HP: 41/50 MP: 4/4
   632 | D:5      | Reached XP level 6. HP: 46/57 MP: 5/5
   638 | D:5      | Noticed Dowan
   639 | D:5      | Noticed Duvessa
   654 | D:5      | murphy: it's fine
   655 | D:5      | murphy: kill them
   655 | D:5      | VajrapaniSR: oh right, i have heals
   655 | D:5      | murphy: duvessa first
   662 | D:5      | Killed Duvessa
   662 | D:5      | Reached skill level 6 in Axes
   664 | D:5      | Killed Dowan
   678 | D:5      | murphy: easzy
   688 | D:5      | Noticed a water moccasin
   689 | D:5      | Noticed Ijyb
   708 | D:5      | Killed a water moccasin
   708 | D:5      | Reached skill level 7 in Axes
   708 | D:5      | Reached XP level 7. HP: 51/66 MP: 6/6
   714 | D:5      | murphy: nice
   718 | D:5      | VajrapaniSR: thanks ijyb
   718 | D:5      | murphy: poly morph wand
   733 | D:5      | Killed Ijyb
   751 | D:5      | You fall through a shaft for 3 floors!
   792 | D:7      | Reached skill level 5 in Fighting
   842 | D:7      | Noticed Pikel
   855 | D:7      | murphy: nah
   860 | D:7      | HP: 2/67 [Pikel/wand of lightning (?/15) (7)]
   868 | D:7      | HP: 1/67 [Pikel/wand of lightning (?/15) (10)]
   882 | D:7      | murphy: pikel with wand and might
   883 | D:7      | murphy: insane
   883 | D:7      | VajrapaniSR: game over for pretty much any character
   883 | D:7      | murphy: yes
   898 | D:7      | Killed Pikel
   898 | D:7      | Reached skill level 9 in Axes
   898 | D:7      | Reached XP level 8. HP: 58/76 MP: 5/5
   899 | D:7      | VajrapaniSR: lots of xp though
   899 | D:7      | murphy: and u got shafted for 3 floors
   907 | D:7      | murphy: oh
   907 | D:7      | VajrapaniSR: hopefully i find a broad axe or something
   907 | D:7      | murphy: no
   914 | D:7      | murphy: brand this one
   916 | D:7      | VajrapaniSR: k
   917 | D:7      | VajrapaniSR: protection
   917 | D:7      | VajrapaniSR: dammit RNG
   917 | D:7      | murphy: good u used it now
   929 | D:7      | murphy: instead of waiting
  1078 | D:6      | Reached skill level 10 in Axes
  1140 | D:6      | Found a staircase to the Ecumenical Temple.
  1150 | Temple   | Entered the Ecumenical Temple
  1156 | Temple   | VajrapaniSR: never seen this temple before
  1302 | Temple   | murphy: there is one up
  1320 | Temple   | murphy: in north
  1326 | Temple   | VajrapaniSR: k
  1340 | Temple   | murphy: or not
  1340 | Temple   | murphy: :/
  1352 | Temple   | murphy: stupid
  1381 | D:6      | murphy: try to explore this floor
  1387 | D:6      | murphy: maybe the altar is here
  1387 | D:6      | VajrapaniSR: k
  1448 | D:6      | Found Uxe Rownit's Gadget Shoppe.
  1517 | D:6      | Gained mutation: You passively map the area around you. [Deep Dwarf growth]
  1517 | D:6      | Reached XP level 9. HP: 50/85 MP: 5/5
  1678 | D:6      | murphy: :/
  1698 | D:7      | Found a radiant altar of Vehumet.
  1764 | D:8      | Found a bloodstained altar of Trog.
  1890 | D:8      | Noticed a two-headed ogre
  1914 | D:8      | Killed a two-headed ogre
  1914 | D:8      | Reached skill level 11 in Axes
  1955 | D:8      | Reached skill level 5 in Armour
  1984 | D:8      | murphy: i hate this when :/
  1986 | D:8      | murphy: when i don't find my god
  1986 | D:8      | murphy: u found lair before makhleb lol
  1986 | D:8      | VajrapaniSR: yep
  1986 | D:8      | VajrapaniSR: ctrl+q time?
  1986 | D:8      | murphy: and all the times we play Be we found the temple asap
  1986 | D:8      | murphy: stupid game
  1986 | D:8      | VajrapaniSR: beautiful crawl rng
  2012 | D:9      | HP: 4/86 [bullfrog (2)]
  2013 | D:9      | Slain by a sky beast

Skill      XL: |  1  2  3  4  5  6  7  8  9 |
---------------+----------------------------+-----
Fighting       | 3 4 5 6 7 |  7.2
Axes           | 3 4 5 7 9 10 11 | 11.3
Armour         | 5 |  5.0
Shields        | |  3.2

Action                   |  1- 3 |  4- 6 |  7- 9 || total
-------------------------+-------+-------+-------++-------
Melee: War axe           |    13 |   106 |   233 ||   352
 Abil: Heal Wounds       |       |     6 |    15 ||    21
Evoke: Wand              |       |       |     2 ||     2
  Use: Potion            |     1 |       |       ||     1
       Scroll            |       |     3 |     9 ||    12
  Eat: Chunk             |       |       |     4 ||     4
Armor: Scale mail        |     2 |    40 |    44 ||    86
       Skin              |       |       |     8 ||     8
       Chain mail        |       |       |    92 ||    92
Dodge: Dodged            |     7 |    30 |    63 ||   100
Block: Shield            |     5 |    57 |   145 ||   207
